Map: Ruins of Seras

Players

MelloW (Nina) - Winner!

  • Race: Protoss Protoss
  • League: Grandmaster

Bomber

  • Race: Terran Terran

Event: DreamHack ROCCAT LotV Championship

VOD

Have the link to the VOD?

Description

Time

  • Played on: Nov. 26, 2015, 3:41 p.m.
  • Length: 6:31

All games in this series

Show
View Real Time Build Order
Export as new Build Order

MelloW Protoss - Winner!

Build Orders: Nexus First, Blink Stalkers 

Get SALT Encoding   

  12  0:00  Probe (Chrono Boost)  
  13  0:11  Probe (Chrono Boost)  
  14  0:18  Pylon  
  14  0:22  Probe (Chrono Boost)  
  15  0:37  Probe (Chrono Boost)  
  16  0:47  Probe (Chrono Boost)  
  17  0:58  Nexus  
  17  1:02  Probe (Chrono Boost)  
  18  1:13  Probe (Chrono Boost)  
  18  1:15  Gateway  
  19  1:20  Assimilator  
  19  1:24  Probe (Chrono Boost)  
  20  1:28  Assimilator  
  20  1:34  Probe (Chrono Boost)  
  20  1:38  Pylon  
  21  1:45  Probe (Chrono Boost)  
  22  1:55  Probe (Chrono Boost)  
  22  1:57  Gateway  
  23  2:04  Cybernetics Core  
  23  2:08  Probe (Chrono Boost)  
  24  2:10  Probe (Chrono Boost)  
  25  2:18  Probe (Chrono Boost)  
  25  2:22  Probe (Chrono Boost)  
  27  2:29  Probe (Chrono Boost)  
  28  2:32  Probe (Chrono Boost)  
  29  2:39  Probe (Chrono Boost)  
  29  2:41  Adept (Chrono Boost), Warp Gate  
  32  2:45  Adept (Chrono Boost)  
  32  2:48  Probe  
  35  2:52  Twilight Council  
  35  2:54  Probe  
  35  3:01  Mothership Core (Chrono Boost)  
  37  3:06  Probe (Chrono Boost)  
  38  3:12  Stalker  
  38  3:17  Probe (Chrono Boost)  
  38  3:18  Pylon  
  41  3:20  Probe (Chrono Boost)  
  41  3:23  Blink (Chrono Boost)  
  42  3:27  Probe (Chrono Boost)  
  42  3:29  Probe (Chrono Boost)  
  44  3:39  Probe  
  44  3:40  Probe  
  45  3:45  Robotics Facility  
  46  3:50  Probe  
  46  3:51  Probe  
  48  4:01  Probe, Gateway, Assimilator  
  48  4:02  Assimilator  
  49  4:03  Probe  
  49  4:07  Pylon  
  49  4:08  Gateway  
  50  4:11  Probe  
  50  4:15  Gateway  
  51  4:21  Gateway  
  51  4:25  Gateway  
  51  4:26  Probe  
  51  4:28  Probe  
  53  4:33  Observer (Chrono Boost)  
  54  4:39  Probe  
  55  4:47  Pylon  
  55  4:49  Stalker x2  
  59  4:53  Warp Prism (Chrono Boost)  
  61  5:04  Pylon  
  61  5:06  Sentry  
  63  5:12  Sentry  
  63  5:13  Sentry  
  67  5:17  Stalker  
  67  5:19  Pylon  
  67  5:21  Pylon  
  69  5:23  Stalker x3  
  69  5:26  Observer (Chrono Boost)  
  69  5:28  Pylon  
  76  5:31  Stalker  
  78  5:37  Pylon  
  78  5:56  Stalker x5  
  78  5:57  Stalker  
  90  6:20  Stalker x2  
  90  6:21  Stalker  
  90  6:23  Adept x2  
Show
View Real Time Build Order
Export as new Build Order

Bomber Terran 

Build Orders: Command Center First (CC) 

Get SALT Encoding   

  12  0:00  SCV  
  13  0:12  SCV  
  14  0:18  Supply Depot  
  14  0:24  SCV  
  15  0:39  SCV  
  16  0:51  SCV  
  17  1:03  Command Center  
  17  1:04  SCV  
  18  1:15  Barracks  
  18  1:17  SCV  
  19  1:29  SCV  
  19  1:31  Barracks  
  20  1:41  SCV  
  20  1:44  Barracks  
  21  1:53  SCV  
  22  1:54  Refinery  
  22  2:02  Marine  
  22  2:06  Orbital Command  
  23  2:15  Orbital Command  
  23  2:19  Marine  
  23  2:22  Marine  
  25  2:31  Marine  
  25  2:32  SCV  
  27  2:37  Marine  
  27  2:39  Supply Depot  
  27  2:40  Marine  
  27  2:43  SCV  
  30  2:47  SCV  
  31  2:52  Barracks Tech Lab  
  31  2:55  Marine  
  31  2:56  SCV  
  33  2:58  Marine  
  33  3:00  SCV  
  33  3:03  Refinery  
  35  3:06  Supply Depot  
  35  3:08  SCV  
  35  3:12  SCV  
  37  3:13  Stimpack  
  37  3:16  Marauder  
  37  3:18  Marine  
  37  3:19  Marine  
  41  3:20  SCV  
  41  3:25  SCV, Supply Depot  
  43  3:32  SCV  
  43  3:37  SCV  
  43  3:41  Marauder, Marine x2  
  46  3:44  SCV  
  47  3:49  SCV  
  47  3:51  Factory  
  48  3:56  SCV  
  48  3:58  Marine  
  48  3:59  Marine  
  48  4:01  SCV  
  52  4:03  Engineering Bay  
  52  4:04  Marauder  
  52  4:08  SCV  
  52  4:09  Refinery  
  55  4:14  SCV  
  55  4:16  Marine x2  
  58  4:18  Supply Depot  
  58  4:20  SCV  
  59  4:25  Supply Depot  
  59  4:26  SCV, Marauder  
  62  4:36  Terran Infantry Weapons Level 1, Refinery, Starport  
  62  4:38  Factory Reactor  
  62  4:39  SCV, Marine x2  
  62  4:40  SCV  
  66  4:46  Bunker  
  66  4:48  Supply Depot  
  66  4:50  Marauder  
  66  4:52  SCV  
  69  4:55  SCV  
  69  4:57  Supply Depot, Marine x2  
  72  5:04  SCV, Supply Depot  
  73  5:08  SCV  
  73  5:12  Marauder  
  76  5:15  Marine x2  
  76  5:20  Supply Depot, Medivac  
  76  5:21  Medivac  
  82  5:26  SCV  
  83  5:32  Barracks  
  83  5:33  Barracks  
  83  5:34  Barracks Reactor, Barracks Tech Lab  
  83  5:36  Marauder  
  85  5:45  Supply Depot  
  85  5:48  SCV  
  86  5:50  Supply Depot x2, Medivac  
  86  5:51  Medivac  
  86  5:55  Marauder  
  72  6:05  Marauder  
  74  6:13  SCV x2  

Tags
 
Add a new tag
Caveats
  • Supply blocks, unpowered buildings, or Contaminate may cause inaccurate times.
  • Supply counts are checked every 10 seconds.